 Dungeon Crawl Stone Soup version 0.32-a0-913-g739538afd8 (webtiles) character file.

Game seed: 5368018287028587013

673 PriceMaster the Magician (level 7, 0/33 HPs)
             Began as a Spriggan Earth Elementalist on Apr 10, 2024.
             Killed from afar by an orc wizard (10 damage)
             ... with a magic dart
             ... on level 5 of the Dungeon.
             The game lasted 00:05:46 (5063 turns).

PriceMaster the Magician (SpEE)                     Turns: 5063, Time: 00:05:46

Health: 0/33       AC:  6    Str: 10    XL:     7   Next: 33%
Magic:  11/17      EV: 17    Int: 19    God:
Gold:   207        SH:  0    Dex: 15    Spells: 17/18 levels left

rFire   . . .        p - +2 dagger (protect)
rCold   . . .        (no shield)
rNeg    . . .        a - +0 robe
rPois   .            (helmet restricted)
rElec   .            (no cloak)
rCorr   .            (gloves unavailable)
SInv    +            (boots unavailable)
Will    +....        (no amulet)
Stlth   +++          o - +4 ring of protection
HPRegen 0.25/turn    l - +6 ring of strength
MPRegen 0.15/turn

%: no passive effects
@: very quick
A: very small, no large weapons, unfitting armour, see invisible, speed 3
a: no special abilities


You were on level 5 of the Dungeon.
You visited 1 branch of the dungeon, and saw 5 of its levels.

You collected 207 gold pieces.

Inventory:

Hand Weapons
 g - a +0 dagger of venom
 p - a +2 dagger of protection (weapon)
 r - a +0 spear
Armour
 a - a +0 robe (worn)
Jewellery
 j - a +5 ring of evasion
 l - a +6 ring of strength (right hand)
 o - a +4 ring of protection (left hand)
 x - a +6 ring of intelligence
Scrolls
 f - 3 scrolls of vulnerability
 i - 2 scrolls of blinking
 m - a scroll of noise
Potions
 b - a potion of magic
 e - 2 potions of brilliance {unknown}
 h - a potion of berserk rage {unknown}
 k - 3 potions of lignification {unknown}
 q - 4 potions of curing
 s - a potion of haste {unknown}
 t - 2 potions of resistance {unknown}
 u - a potion of cancellation {unknown}
 v - a potion of heal wounds {unknown}
 w - a potion of ambrosia {unknown}
 z - a potion of mutation {unknown}


   Skills:
 * Level 1.6 Fighting
 + Level 0.9 Short Blades
 * Level 4.4 Dodging
 * Level 4.8 Stealth
 * Level 6.4 Spellcasting
 * Level 2.1 Conjurations
 + Level 4.1 Earth Magic


You had 17 spell levels left.
You knew the following spells:

 Your Spells              Type           Power      Damage    Failure   Level
a - Sandblast             Erth           42%        2d11      1%          1

Your spell library contained the following spells:

 Spells                   Type           Power      Damage    Failure   Level
 Passwall                 Erth           21%        N/A       6%          3
 Stone Arrow              Conj/Erth      34%        3d9       9%          3
 Brom's Barrelling Bould  Conj/Erth      17%        2d4       30%         4
 Call Canine Familiar     Summ           6%         N/A       32%         3
 Frozen Ramparts          Ice            12%        1d2       32%         3
 Inner Flame              Hex/Fire       6%         N/A       32%         3
 Ozocubu's Armour         Ice            6%         N/A       32%         3
 Sigil of Binding         Hex            6%         N/A       32%         3
 Volatile Blastmotes      Fire/Tloc      12%        2d11      32%         3
 Petrify                  Alch/Erth      13%        N/A       43%         4
 Fulminant Prism          Conj/Alch      5%         3d7       56%         4
 Iskenderun's Mystic Bla Conj/Tloc 10%            2d4        (+2d2     56%         4
 Dimensional Bullseye     Hex/Tloc       3%         N/A       71%         4
 Irradiate                Conj/Alch      5%         3d13      88%         5
 Metabolic Englaciation   Hex/Ice        3%         N/A       96%         5
 Ignition                 Fire           3%         3d4       100%        8


Dungeon Overview and Level Annotations

Branches:
Dungeon (5/15)
 Temple: D:4-7

Altars:
Cheibriados
Dithmenos
Gozag
Uskayaw
Vehumet

Annotations:
D:5 Menkaure


Innate Abilities, Weirdness & Mutations

You are very small and have problems with some larger weapons.
You are too small for most types of armour.
You have supernaturally acute eyesight. (SInv)
You cover ground extremely quickly. (Speed+++)


Message History

The iguana is severely wounded.
The iguana barely misses you. The iguana misses you.
Casting: Sandblast (safe; 1% risk of failure)
Confirm with . or Enter, or press ? or * to list all spells.
Aiming: Sandblast (safe; 1% risk of failure)
Press: ? - help, Shift-Dir - straight line, f/p - iguana
Aim: an iguana (severely wounded, 85% to hit)
The blast of sand hits the iguana.
The iguana is almost dead.
The iguana bites you.
Unknown command.
Casting: Sandblast (safe; 1% risk of failure)
Confirm with . or Enter, or press ? or * to list all spells.
Aiming: Sandblast (safe; 1% risk of failure)
Press: ? - help, Shift-Dir - straight line, f/p - iguana
Aim: an iguana (almost dead, 85% to hit)
The blast of sand hits the iguana.
The iguana is almost dead.
The iguana bites you! The iguana closely misses you.
Casting: Sandblast (safe; 1% risk of failure)
Confirm with . or Enter, or press ? or * to list all spells.
Aiming: Sandblast (safe; 1% risk of failure)
Press: ? - help, Shift-Dir - straight line, f/p - iguana
Aim: an iguana (almost dead, 85% to hit)
The blast of sand hits the iguana but does no damage.
The iguana is almost dead.
The iguana attacks as it pursues you! The iguana closely misses you.
Casting: Sandblast (safe; 1% risk of failure)
Confirm with . or Enter, or press ? or * to list all spells.
Aiming: Sandblast (safe; 1% risk of failure)
Press: ? - help, Shift-Dir - straight line, f/p - iguana
Aim: an iguana (almost dead, 85% to hit)
The blast of sand hits the iguana!
You kill the iguana!
The orc wizard points at you and mumbles some strange words.
The magic dart hits you!
* * * LOW HITPOINT WARNING * * *
The orc wizard points at you and mumbles some strange words.
The magic dart hits you!
You die...

#o###...##...#
#.# #)...##.##
#.# #.>.......
####o#
#.........
#..o.#
#........
#..###
#.####### ♣.
#..# #.#######
.. ♣♣♣#..#
#.#...)5. .♣
♣..@..#
#l#.##### ♣.
♣♣.♣#..#
#o#)## ..
♣♣♣..♣#..#
#.#.<# O♣
♣♣♣♣...♣♣#..#
#.##.# .♣
♣♣.♣.♣.♣♣ #..#
#.##.#### .♣
♣♣♣.O)♣♣♣♣
#..# #.....l.o
.♣♣♣♣.♣.♣♣♣
#..# ####.####
♣.♣♣.♣..♣ #.>#
#.# ♣♣Ss.♣♣..♣
#.## #.#


You could see an orc wizard (invisible) and an orc.

Vanquished Creatures
  3 ogres (D:5)
  A scorpion (D:5)
  A hound (D:5)
  A jelly (D:5)
  A bombardier beetle (D:3)
  2 iguanas (D:5)
  16 adders
  2 dart slugs
  A ribbon worm (D:3)
  2 orcs
  9 endoplasms
  6 giant cockroaches
  14 goblins
  4 hobgoblins
  3 quokkas
  5 ball pythons
  A bat (D:2)
  A frilled lizard (D:1)
  9 kobolds
  6 rats
88 creatures vanquished.

Notes
Turn   | Place    | Note
-------+----------+-------------------------------------------
     0 | D:1      | PriceMaster the Spriggan Earth Elementalist began the quest
                  | for the Orb.
     0 | D:1      | Reached XP level 1. HP: 9/9 MP: 5/5
   118 | D:1      | Reached XP level 2. HP: 13/13 MP: 3/6
   204 | D:1      | Reached skill level 3 in Spellcasting
  1179 | D:2      | Reached XP level 3. HP: 16/16 MP: 8/8
  1307 | D:2      | Reached skill level 1 in Conjurations
  1726 | D:2      | Reached XP level 4. HP: 21/21 MP: 7/10
  2474 | D:3      | Reached skill level 4 in Spellcasting
  3199 | D:4      | Found a shadowy altar of Dithmenos.
  3201 | D:4      | Found an opulent altar of Gozag.
  3206 | D:4      | Found a hide-covered altar of Uskayaw.
  3206 | D:4      | Found a radiant altar of Vehumet.
  3348 | D:4      | Reached XP level 5. HP: 25/25 MP: 10/12
  4188 | D:5      | Entered Level 5 of the Dungeon
  4192 | D:5      | Noticed an ogre
  4202 | D:5      | Killed an ogre
  4203 | D:5      | Reached skill level 1 in Fighting
  4203 | D:5      | Reached skill level 5 in Spellcasting
  4203 | D:5      | Reached XP level 6. HP: 6/30 MP: 10/14
  4218 | D:5      | Noticed Menkaure
  4466 | D:5      | Noticed an orc warrior
  4551 | D:5      | Found a snail-covered altar of Cheibriados.
  4780 | D:5      | Reached XP level 7. HP: 20/33 MP: 11/16
  4795 | D:5      | Reached skill level 6 in Spellcasting
  5063 | D:5      | Killed from afar by an orc wizard

Illustrated notes

Levels and vault maps discovered:
D:1:      nicolae_arrival_somewhat_less_tricky_arrival, layout_loops_corners
D:2:      layout_basic, minmay_octomino_j4
D:3:      layout_loops_ring, minmay_misc_feat_four_crosses, grunt_ministairs_6
D:4:      layout_basic, chequers_temple_overflow_statue_of_worship,
          minmay_snake_closets
D:5:      kb_forest_paths, layout_loops_ring, kennysheep_slug_shrine,
          amcnicky_mini_pool_small, minmay_circle_x, uniq_menkaure

Skill      XL: |  1  2  3  4  5  6  7 |
---------------+----------------------+-----
Earth Magic    | 3 4 |  4.1
Spellcasting   | 3 4 5 6 |  6.4
Conjurations   | 1 2 |  2.1
Dodging        | 3 4 |  4.4
Fighting       | 1 |  1.6
Stealth        | 4 |  4.8
Short Blades   | |  0.9

Action                     |  1- 3 |  4- 6 |  7- 9 || total
---------------------------+-------+-------+-------++-------
  Melee: Dagger            |    23 |    63 |     1 ||    87
         Unarmed           |     1 |       |       ||     1
   Cast: Sandblast         |    40 |    84 |    15 ||   139
    Use: Potion            |     1 |       |       ||     1
         Scroll            |       |     7 |       ||     7
   Stab: Sleeping          |     5 |     3 |       ||     8
 Armour: Robe              |    12 |    29 |     9 ||    50
  Dodge: Dodged            |    20 |    87 |     6 ||   113

Table legend: (Time is in decaauts)
 A = Elapsed time spent in this place.
 B = Non-inter-level travel time spent in this place.
 C = Inter-level travel time spent in this place.
 D = Time resting spent in this place.
 E = Time spent auto-exploring this place.
 F = Levels seen in this place.
 G = Mean time per level.
                   A        B        C        D        E       F      G
               +--------+--------+--------+--------+--------+-----+--------+
         Total |   3731 |   3604 |    127 |    386 |   2605 |   5 |  746.2 |
       Dungeon |   3731 |   3604 |    127 |    386 |   2605 |   5 |  746.2 |
               +--------+--------+--------+--------+--------+-----+--------+

Top non-repeatable levels by time:
     D:1: 838 daAuts
     D:2: 808 daAuts
     D:5: 779 daAuts
     D:4: 686 daAuts
     D:3: 618 daAuts
